 Dungeon Crawl Stone Soup version 0.18-b1-10-g3f7de93 (webtiles) character file.

36 Enish the Chucker (level 3, -2/19 HPs)
             Began as a Vine Stalker Hunter on Apr 29, 2016.
             Slain by a worm (8 damage)
             ... on level 2 of the Dungeon.
             The game lasted 00:15:18 (1008 turns).

Enish the Chucker (Vine Stalker Hunter)             Turns: 1008, Time: 00:15:19

Health: -2/19      AC:  4    Str: 14    XL:     3   Next: 37%
Magic:  0/4        EV: 12    Int: 11    God:
Gold:   38         SH:  0    Dex: 15    Spells: 0 memorised, 2 levels left

rFire  . . .     SeeInvis .     a - +0 whip
rCold  . . .     Gourm    .     b - +0 leather armour
rNeg   . . .     Faith    .     (no shield)
rPois  .         Spirit   +     (no helmet)
rElec  .         Dismiss  .     (no cloak)
rCorr  .         Reflect  .     (no gloves)
SustAt .         Harm     .     g - +0 pair of boots
MR     .....                    (no amulet)
Stlth  ++........               (no ring)
                                (no ring)

@: lethally poisoned (-2 -> -5), not resistant to hostile enchantments,
unstealthy
A: fangs 2, regeneration 1, magic shield, antimagic bite, no device heal 3, rot
immunity
a: no special abilities


You were on level 2 of the Dungeon.
You were not hungry.

You visited 1 branch of the dungeon, and saw 2 of its levels.

You collected 38 gold pieces.

Inventory:

Hand Weapons
 a - a +0 whip (weapon)
 p - a +0 short sword
Missiles
 d - a throwing net (quivered)
 j - 29 arrows
Armour
 b - a +0 leather armour (worn)
 g - a +0 pair of boots (worn)
Jewellery
 o - an uncursed ring of fire
Scrolls
 e - a scroll of blinking {unknown}
 h - a scroll of immolation {unknown}
 i - 2 scrolls of identify {unknown}
 k - a scroll of noise {unknown}
 q - a scroll of amnesia {unknown}
 r - a scroll of fear {unknown}
Potions
 l - a potion of resistance {unknown}
 m - a potion of agility {unknown}
 n - a potion of magic {unknown}
 s - a potion of curing {unknown}
Comestibles
 f - a bread ration


   Skills:
 - Level 2.5 Fighting
 * Level 1.8 Maces & Flails
 - Level 3.6 Throwing
 - Level 1.5 Dodging
 - Level 1.2 Stealth


You had 2 spell levels left.
You didn't know any spells.

Dungeon Overview and Level Annotations

Branches:
Dungeon (2/15)

Altars:


Innate Abilities, Weirdness & Mutations

You have extremely sharp teeth.
Your natural rate of healing is unusually fast.
When hurt, damage is shared between your health and your magic reserves.
Your bite disrupts and absorbs the magic of your enemies.
Potions and wands cannot restore your health.
You are immune to rotting.


Message History

You closely miss the adder. Your bite misses the adder.
The adder is almost dead.
The adder bites you.
You are more poisoned.
The adder poisons you! The worm misses you.
You miss the adder. Your bite misses the adder.
The adder is almost dead.
You feel sick. The adder bites you but does no damage. The adder bites you.
You barely miss the adder. Your bite misses the adder.
The adder is almost dead.
The adder bites you.
You are more poisoned.
The adder poisons you! The worm bites you.
You barely miss the adder.
The adder is almost dead.
You feel sick. The adder bites you but does no damage.
You miss the adder.
The adder is almost dead.
You feel sick. The adder bites you but does no damage. The worm bites you!
You die...

########################
........................
##.####.....##..........
...# #.)...##.[@S.....(
##..# #.....##...w......
.#..# #.....##...####.##
....###.....##...#
#...#.........###
#.....#######.#
#..##########.#
#.............
#...#######.


You could see a worm and an adder.

Vanquished Creatures
  An adder (D:2)
  2 worms (D:2)
  A dart slug (D:1)
  A giant gecko (D:2)
  4 bats
  2 goblins (D:1)
  2 hobgoblins (D:1)
  A quokka (D:2)
  5 kobolds
  A rat (D:1)
20 creatures vanquished.

Notes
Turn   | Place    | Note
--------------------------------------------------------------
     0 | D:1      | Enish the Vine Stalker Hunter began the quest for the Orb.
     0 | D:1      | Reached XP level 1. HP: 11/11 MP: 2/2
   160 | D:1      | Reached XP level 2. HP: 13/16 MP: 1/3
   778 | D:2      | Reached skill level 1 in Maces & Flails
   800 | D:2      | Reached XP level 3. HP: 19/19 MP: 4/4
  1008 | D:2      | Slain by a worm

Skill      XL: |  1  2 |
---------------+-------+-----
Fighting       | 2 |  2.5
Maces & Flails | 1 |  1.8
Throwing       | |  3.6
Dodging        | |  1.5
Stealth        | |  1.2

Action                   || total
-------------------------++-------
Melee: Short sword       ||    29
       Bite              ||    14
       Whip              ||    40
Throw: Javelin           ||    19
       Throwing net      ||     3
 Stab: Sleeping          ||     1
       Held in net/web   ||     1
Armor: Leather armour    ||    22
Dodge: Dodged            ||    55
